 Dungeon Crawl Stone Soup version 0.24-a0-549-g45f0056d81 (webtiles) character file.

Game seed: 4459007252910314102

875 Electrofox the Changer (level 7, -6/52 HPs)
             Began as a Red Draconian Transmuter on Aug 19, 2019.
             Mangled by an ogre
             ... wielding a +0 giant club
              (17 damage)
             ... on level 5 of the Dungeon.
             The game lasted 00:35:32 (7682 turns).

Electrofox the Changer (Red Draconian Transmuter)   Turns: 7682, Time: 00:35:33

Health: -6/52      AC:  6    Str: 12    XL:     7   Next: 74%
Magic:  12/14      EV: 12    Int: 16    God:
Gold:   274        SH:  3    Dex: 11    Spells: 9/16 levels left

rFire    + . .     SeeInvis .     - Unarmed
rCold    . . .     Gourm    .   (no shield)
rNeg     . . .     Faith    .   (armour unavailable)
rPois    .         Spirit   .   (helmet restricted)
rElec    .         Reflect  +   (no cloak)
rCorr    .         Harm     .   (no gloves)
MR       .....                  (boots currently unavailable)
Stlth    +.........             l - +3 amulet of reflection
HPRegen  0.17/turn              (no ring)
MPRegen  0.14/turn              (no ring)

@: appendage
A: breathe fire, unfitting armour, talons 3, fire resistance 1, cold-blooded, AC
+6
a: Breathe Fire, End Transformation


You were on level 5 of the Dungeon.
You were not hungry.
You had grown temporary talons.
You visited 1 branch of the dungeon, and saw 5 of its levels.

You collected 274 gold pieces.

Inventory:

Missiles
 a - 38 arrows
 i - 12 boomerangs
 t - 8 poisoned darts (quivered)
Jewellery
 l - a +3 amulet of reflection (around neck)
 p - a cursed amulet of inaccuracy {unknown}
Scrolls
 b - 3 scrolls of identify {unknown}
 g - 3 scrolls of remove curse
 j - 2 scrolls of fear {unknown}
 m - 3 scrolls of amnesia {unknown}
 q - 2 scrolls of teleportation {unknown}
 u - a scroll of noise {unknown}
 v - a scroll of enchant armour {unknown}
Potions
 d - 3 potions of flight {unknown}
 e - 2 potions of heal wounds {unknown}
 f - 3 potions of agility {unknown}
 h - a potion of mutation {unknown}
 k - 2 potions of lignification {unknown}
 n - 2 potions of ambrosia {unknown}
 o - a potion of resistance {unknown}
 r - a potion of magic {unknown}
 s - 2 potions of curing {unknown}
 w - a potion of degeneration {unknown}
Comestibles
 c - 10 rations


   Skills:
 - Level 1.1 Fighting
 - Level 2.0 Dodging
 - Level 3.2 Unarmed Combat
 * Level 5.3 Spellcasting
 + Level 6.4 Transmutations
 - Level 2.0 Ice Magic


You had 9 spell levels left.
You knew the following spells:

 Your Spells              Type           Power        Failure   Level  Hunger
a - Beastly Appendage     Tmut           ###...       1%          1    None
b - Sticks to Snakes      Tmut           ###.....     1%          2    #......
c - Ice Form              Ice/Tmut       ###.....     26%         4    ####...

Your spell library contained the following spells:

 Spells                   Type           Power        Failure   Level  Hunger
 Spider Form              Tmut/Pois      ##........   12%         3    ###....
 Blade Hands              Tmut           ###.......   30%         5    ######.


Dungeon Overview and Level Annotations

Branches:
Dungeon (5/15)
 Temple: D:4-7

Altars:

Shops:
D:4 *

Annotations:
D:2 exclusion: 3 doors


Innate Abilities, Weirdness & Mutations

You can breathe blasts of fire.
Your fiery red scales are hard. (AC +6)
You cannot fit into any form of body armour.
Your flesh is heat resistant. (rF+)
You are cold-blooded and may be slowed by cold attacks.
You have claws for feet.


Message History

Your ball python bites the ogre but does no damage.
The ogre misses you.
Your ball python bites the ogre.
Your ball python bites the ogre.
Your ball python barely misses the ogre.
The ogre hits your ball python with a +0 giant club!
Your ball python dies!
Your ball python bites the ogre but does no damage.
Casting: Sticks to Snakes (safe; 1% risk of failure)
Confirm with . or Enter, or press ? or * to list all spells.
Your feet morph into talons.
Your ball python bites the ogre.
Your ball python bites the ogre.
You block the ogre's attack.
You hit the ogre but do no damage. You claw the ogre. You punch the ogre.
The ogre is heavily wounded.
Your ball python bites the ogre.
The worker ant bites you but does no damage.
You hit the ogre. You claw the ogre, but do no damage.
The ogre is severely wounded.
Your ball python bites the ogre but does no damage.
The ogre hits you with a +0 giant club!
You die...

####### #.....# #.....#
#.....##### #.........#
#######.......#.####
#.......SO..#...a..#
#...###..@a.##.###.#
###.###.....##.###.#######
#..#####.......#.......
##.# ######...#....# #.#
###.......## #.#
######.......a..# #.#
#...............## #.#
#................. #.##
#..........#.##...


You could see an ogre, a worker ant and a friendly ball python.

Vanquished Creatures
  A phantom (D:4)
  2 ogres
  A scorpion (D:4)
  2 orc wizards
  2 bullfrog skeletons (D:4)
  2 orc priests
  Jessica (D:2)
  A hound skeleton (D:5)
  7 adders
  3 gnolls (D:4)
  A shadow imp (D:3)
  An ooze (D:4)
  A worm (D:3)
  4 dart slugs
  3 leopard geckos
  15 orcs
  2 ball pythons
  4 bats
  4 giant cockroaches
  6 goblins
  9 hobgoblins
  6 jackals
  A quokka (D:4)
  5 frilled lizards
  8 kobolds
  9 rats
101 creatures vanquished.

Vanquished Creatures (collateral kills)
  2 ogres (D:4)
  A scorpion (D:4)
  An orc priest (D:3)
  An orc wizard (D:4)
  An adder (D:2)
  3 orcs
  A bat (D:2)
10 creatures vanquished.

Vanquished Creatures (others)
  5 toadstools (D:2)
5 creatures vanquished.

Grand Total: 116 creatures vanquished

Notes
Turn   | Place    | Note
-------+----------+-------------------------------------------
     0 | D:1      | Electrofox the Draconian Transmuter began the quest for the
                  | Orb.
     0 | D:1      | Reached XP level 1. HP: 16/16 MP: 3/3
   439 | D:1      | Reached XP level 2. HP: 17/23 MP: 3/5
  1354 | D:1      | Reached XP level 3. HP: 28/28 MP: 6/6
  1395 | D:1      | Learned a level 2 spell: Sticks to Snakes
  1685 | D:2      | Reached skill level 3 in Transmutations
  1965 | D:2      | Reached XP level 4. HP: 26/35 MP: 3/8
  2299 | D:2      | Noticed Jessica
  2325 | D:2      | Killed Jessica
  2528 | D:2      | Reached skill level 4 in Transmutations
  2868 | D:3      | Reached XP level 5. HP: 19/40 MP: 5/9
  3282 | D:3      | Found a faded altar of an unknown god.
  4351 | D:4      | Reached skill level 5 in Transmutations
  4351 | D:4      | Reached XP level 6. HP: 35/47 MP: 6/11
  4890 | D:4      | Reached skill level 6 in Transmutations
  5059 | D:4      | Learned a level 4 spell: Ice Form
  5160 | D:4      | Found Kisenik's Mass Market.
  5702 | D:4      | Reached skill level 1 in Ice Magic
  5702 | D:4      | Your scales start taking on a fiery red colour.
  5702 | D:4      | Reached XP level 7. HP: 22/52 MP: 10/13
  5702 | D:4      | Gained mutation: Your flesh is heat resistant. (rF+) [Red
                  | Draconian growth]
  6726 | D:4      | Reached skill level 5 in Spellcasting
  6832 | D:5      | Entered Level 5 of the Dungeon
  7682 | D:5      | Mangled by an ogre

Levels and vault maps discovered:
D:1:      evilmike_arrival_plus, layout_loops_corners, minmay_pentomino_p4
D:2:      cheibrodos_fertilizer, layout_loops_corners, first_ration,
          uniq_jessica
D:3:      layout_loops_corners, chequers_ecumenical_altar_simple_redux
D:4:      layout_loops_ring, kennysheep_nub, minmay_shop_mass,
          kennysheep_generic_room_7
D:5:      layout_rooms, minmay_temple_entry_glassed_door

Skill      XL: |  1  2  3  4  5  6  7 |
---------------+----------------------+-----
Dodging        | 2 |  2.0
Transmutations | 3 4 5 6 |  6.4
Spellcasting   | 3 4 5 |  5.3
Ice Magic      | 1 2 |  2.0
Fighting       | |  1.1
Unarmed Combat | |  3.2

Action                   |  1- 3 |  4- 6 |  7- 9 || total
-------------------------+-------+-------+-------++-------
Melee: Unarmed           |   122 |   238 |    89 ||   449
       Tailslap          |     9 |    17 |     2 ||    28
       Kick              |     5 |     7 |    17 ||    29
       Headbutt          |     2 |    21 |     2 ||    25
       Punch             |     2 |       |     3 ||     5
Throw: Boomerang         |       |    15 |       ||    15
       Dart              |       |     2 |     6 ||     8
 Cast: Beastly Appendage |    15 |    21 |    14 ||    50
       Sticks to Snakes  |     4 |    14 |     7 ||    25
 Abil: Breathe Fire      |       |       |     2 ||     2
  Use: Scroll            |       |       |     1 ||     1
 Stab: Sleeping          |       |     3 |       ||     3
       Distracted        |       |     1 |       ||     1
  Eat: Chunk             |     4 |     7 |     3 ||    14
       Ration            |       |     2 |     1 ||     3
Armor: Skin              |    23 |    50 |    21 ||    94
Dodge: Dodged            |    83 |   147 |    42 ||   272
Block: Other             |       |    10 |    13 ||    23
       Reflection        |       |     1 |       ||     1

Table legend:
 A = Non-vault XP
 B = Vault XP
 C = Vault XP percentage of total XP
 D = Non-vault monster count
 E = Vault monster count
 F = Vault count percentage of total count
                 A         B        C        D         E       F
            +---------+---------+-------+---------+---------+-------
      Total |    1206 |      44 |   3.5 |     105 |       6 |   5.4
            +---------+---------+-------+---------+---------+-------
        D:1 |      35 |       9 |  20.5 |      21 |       4 |  16.0
        D:2 |      92 |      33 |  26.4 |      19 |       1 |   5.0
        D:3 |     180 |       0 |   0.0 |      31 |       0 |   0.0
        D:4 |     787 |       2 |   0.3 |      28 |       1 |   3.4
        D:5 |     112 |       0 |   0.0 |       6 |       0 |   0.0
            +---------+---------+-------+---------+---------+-------
